AoeStats
← 海霸天

Arena

509843620Analyzed
3v3 RM · 5d ago on Sep 28, 2026· 25m 46s· 6 players
Game mode
Random Map
Map size
Normal (6 player)
Population
200
Speed
Normal
Resources
Standard
Victory
Conquest
Starting age
Dark Age
Ending age
Imperial Age
RankedLock teamsTeams togetherTeam positionsShared explorationLock speedFull tech treeHidden civsTurbo modeCheats
Victory
Defeat
🇺🇸 Bohemians · United States
720
+18
🇧🇪 Franks · Belgium
618
+22
🇹🇼 Celts · Taiwan
571
+23
🇨🇳 Romans · China
800
-23
🇳🇿 Britons · New Zealand
726
-20
🇮🇳 Khmer · India
724
-20
Boundless316
4:24 Loom
11:28 Feudal Age
13:01 Wheelbarrow
12:15 Double-Bit Axe
12:13 Horse Collar
19:03 Castle Age
19:59 Hand Cart
20:24 Bow Saw
21:15 Heavy Plow
f.trenchant
11:19 Feudal Age
18:18 Castle Age
17:43 Double-Bit Axe
24:02 Bow Saw
24:04 Gold Mining
25:06 Loom
25:57 Wheelbarrow
25:09 Town Watch
海霸天
12:39 Feudal Age
11:07 Loom
13:29 Double-Bit Axe
13:28 Horse Collar
16:57 Wheelbarrow
20:18 Castle Age
18:28 Scale Mail Armor
18:43 Gold Mining
19:27 Forging
20:30 Arson
20:38 Pikeman
21:04 Gambesons
22:03 Gold Shaft Mining
22:35 Bow Saw
23:21 Heavy Plow
24:43 Iron Casting
24:24 Chain Mail Armor
XzorNEFFEX
12:32 Feudal Age
15:26 Double-Bit Axe
26:02 Castle Age
24:57 Fletching
25:08 Padded Archer Armor
Poremmie
0:44 Loom
14:50 Feudal Age
15:20 Double-Bit Axe
19:44 Castle Age
18:33 Wheelbarrow
18:46 Stone Mining
19:19 Horse Collar
21:10 Heavy Plow
784f22fd
0:42 Loom
Connection lost

Rejoining the realm…

Still unreachable

The connection could not be restored.

Session expired

The server has moved on; the page needs a fresh start.